[Event "Live Chess"]
[Site "Chess.com"]
[Date "2021.02.06"]
[Round "2"]
[White "dabpacman"]
[Black "sahildaGOAT"]
[Result "1-0"]
[CurrentPosition "kQ6/3N4/3pK3/4p3/2P1P3/8/8/8 b - -"]
[Timezone "UTC"]
[ECO "C28"]
[ECOUrl "https://www.chess.com/openings/Vienna-Game-Falkbeer-Vienna-Gambit"]
[UTCDate "2021.02.06"]
[UTCTime "19:00:45"]
[WhiteElo "1099"]
[BlackElo "985"]
[TimeControl "1200+10"]
[Termination "dabpacman won by checkmate"]
[StartTime "19:00:45"]
[EndDate "2021.02.06"]
[EndTime "19:32:46"]
[Link "https://www.chess.com/live/game/6472128528"]

1. e4 e5 2. Nc3 Nf6 3. f4 d6 4. Nf3 Nc6 5. Bb5 Bd7 6. d3 exf4 7. Bxf4 a6 8. Bxc6 Bxc6 9. O-O Be7 10. Qe1 h6 11. Kh1 g5 12. Bg3 g4 13. Nh4 Nd7 14. Qf2 f6 15. Qf5 Nf8 16. Qh5+ Kd7 17. Qxg4+ Ke8 18. Nf5 Ne6 19. d4 Bb5 20. Nxb5 axb5 21. d5 Ng5 22. h4 h5 23. Qe2 Nf7 24. Ng7+ Kd7 25. Qxb5+ Kc8 26. Rf3 Qd7 27. Qxd7+ Kxd7 28. Nf5 Ra4 29. Re3 Ne5 30. Bxe5 fxe5 31. a3 Rg8 32. b3 Ra6 33. c4 Rg4 34. g3 c6 35. dxc6+ bxc6 36. a4 Bf6 37. Rd1 c5 38. Red3 Be7 39. Re3 Rb6 40. Rb1 Rb8 41. Kg2 Rf8 42. b4 cxb4 43. Rxb4 Re8 44. Kf3 Bf8 45. Rb5 Rc8 46. Rc3 Ra8 47. a5 Kc6 48. Rcb3 Ra6 49. Rb6+ Rxb6 50. axb6 Kb7 51. Ne3 Rg7 52. Nd5 Rf7+ 53. Kg2 Bh6 54. Ra3 Kc6 55. Rf3 Rh7 56. Rf8 Bxf8 57. Kh3 Bh6 58. g4 hxg4+ 59. Kxg4 Bd2 60. h5 Kc5 61. Nf6 Rf7 62. Kf5 Ba5 63. Ke6 Rb7 64. h6 Rb8 65. Nd7+ Kc6 66. Nxb8+ Kxb6 67. h7 Kc5 68. h8=Q Bc7 69. Qc8 Kb6 70. Nd7+ Ka7 71. Qxc7+ Ka8 72. Qb8# 1-0

[Event "Live Chess"]
[Site "Chess.com"]
[Date "2021.02.06"]
[Round "2"]
[White "BishopPlayz"]
[Black "cassiusl"]
[Result "1-0"]
[CurrentPosition "7k/5KQ1/8/8/8/8/8/8 b - -"]
[Timezone "UTC"]
[ECO "B10"]
[ECOUrl "https://www.chess.com/openings/Caro-Kann-Defense-2.Nc3-d5-3.d3-dxe4"]
[UTCDate "2021.02.06"]
[UTCTime "19:00:38"]
[WhiteElo "1066"]
[BlackElo "1337"]
[TimeControl "1200+10"]
[Termination "BishopPlayz won by checkmate"]
[StartTime "19:00:38"]
[EndDate "2021.02.06"]
[EndTime "19:58:11"]
[Link "https://www.chess.com/live/game/6472129653"]

1. e4 c6 2. Nc3 d5 3. d3 dxe4 4. dxe4 Qxd1+ 5. Nxd1 e5 6. Nf3 f6 7. Nc3 Bb4 8. Bd2 Ne7 9. O-O-O Be6 10. a3 Ba5 11. Bd3 Nd7 12. Kb1 O-O-O 13. Be3 Bxc3 14. bxc3 Nb6 15. Bc5 Ng6 16. Kc1 Na4 17. Bb4 c5 18. Ba5 b6 19. Bb5 bxa5 20. Bxa4 Nf4 21. Bb5 Bg4 22. Rhg1 Rxd1+ 23. Kxd1 Nxg2 24. Be2 Rd8+ 25. Kc1 Nf4 26. Ba6+ Kc7 27. Rxg4 g6 28. h4 Rd6 29. Bc4 Kc6 30. a4 Nh3 31. Rg2 Nf4 32. Rg4 Nh3 33. Bd5+ Kc7 34. Nd2 Nf4 35. Nc4 Rd8 36. Nxa5 Nxd5 37. exd5 Rxd5 38. Nc4 f5 39. Rg5 Kc6 40. h5 gxh5 41. Rxh5 e4 42. Rxh7 a6 43. Ra7 f4 44. Rxa6+ Kb7 45. Re6 e3 46. fxe3 fxe3 47. Rxe3 Rd8 48. Re5 Kc6 49. Na5+ Kb6 50. Nc4+ Kc6 51. Re6+ Kd5 52. Rd6+ Rxd6 53. Nxd6 Kxd6 54. Kd2 Kd5 55. a5 c4 56. a6 Kc6 57. a7 Kb7 58. Ke3 Kxa7 59. Kd4 Kb6 60. Kxc4 Kc6 61. Kb4 Kb6 62. c4 Kc6 63. c5 Kc7 64. Kb5 Kb7 65. c6+ Kc7 66. Kc5 Kc8 67. Kd6 Kd8 68. c7+ Kc8 69. Kd5 Kd7 70. c8=Q+ Kxc8 71. c3 Kd7 72. c4 Kc7 73. Kc5 Kd7 74. Kb6 Kc8 75. Kc6 Kd8 76. Kb7 Kd7 77. c5 Kd8 78. c6 Ke7 79. c7 Kd6 80. c8=Q Ke7 81. Qc6 Kf7 82. Qd6 Kg7 83. Qe6 Kh7 84. Qf6 Kg8 85. Kc7 Kh7 86. Kd7 Kg8 87. Ke8 Kh7 88. Ke7 Kg8 89. Qg6+ Kh8 90. Qh6+ Kg8 91. Qf8+ Kh7 92. Qf5+ Kg7 93. Qg5+ Kh7 94. Kf7 Kh8 95. Qg7# 1-0

[Event "Live Chess"]
[Site "Chess.com"]
[Date "2021.02.06"]
[Round "2"]
[White "SamDaGreat"]
[Black "CePtIcCrAsH5X_X"]
[Result "1-0"]
[CurrentPosition "5R1k/p1r4p/6pB/5p2/1Pn5/P7/5PPP/3R2K1 b - -"]
[Timezone "UTC"]
[ECO "B10"]
[ECOUrl "https://www.chess.com/openings/Caro-Kann-Defense-2.Nc3-d5"]
[UTCDate "2021.02.06"]
[UTCTime "19:01:07"]
[WhiteElo "1583"]
[BlackElo "1190"]
[TimeControl "1200+10"]
[Termination "SamDaGreat won by checkmate"]
[StartTime "19:01:07"]
[EndDate "2021.02.06"]
[EndTime "19:26:13"]
[Link "https://www.chess.com/live/game/6472130443"]

1. e4 c6 2. Nc3 d5 3. exd5 cxd5 4. d4 Bf5 5. Bd3 Bxd3 6. Qxd3 e6 7. a3 Nf6 8. Nf3 Nbd7 9. O-O g6 10. Bg5 Bg7 11. Ne5 O-O 12. Qf3 Qc7 13. Nxd7 Nxd7 14. Rad1 Qb6 15. Na4 Qc6 16. Nc3 Qb6 17. b4 Bxd4 18. Na4 Qc6 19. Rxd4 Qxa4 20. c4 f5 21. cxd5 exd5 22. Qxd5+ Rf7 23. Qxb7 Raf8 24. Qd5 Nb6 25. Qa2 Kg7 26. Qb2 Kg8 27. Rfd1 Nc4 28. Qc3 Rc7 29. Bh6 Rff7 30. Rd8+ Qe8 31. Rxe8+ Rf8 32. Qh8+ Kxh8 33. Rxf8# 1-0

[Event "Live Chess"]
[Site "Chess.com"]
[Date "2021.02.06"]
[Round "2"]
[White "namritahansrai"]
[Black "RaggedFire"]
[Result "0-1"]
[CurrentPosition "r3r1k1/1bp2ppp/p7/1p6/3Ppq2/2P2N2/PP3PPP/R3R1K1 w - -"]
[Timezone "UTC"]
[ECO "C20"]
[ECOUrl "https://www.chess.com/openings/Kings-Pawn-Opening-Wayward-Queen-Kiddie-Countergambit"]
[UTCDate "2021.02.06"]
[UTCTime "19:01:18"]
[WhiteElo "732"]
[BlackElo "1236"]
[TimeControl "1200+10"]
[Termination "RaggedFire won by resignation"]
[StartTime "19:01:18"]
[EndDate "2021.02.06"]
[EndTime "19:05:23"]
[Link "https://www.chess.com/live/game/6472131089"]

1. e4 e5 2. Qh5 Nf6 3. Qxe5+ Be7 4. Nf3 Nc6 5. Qc3 Nxe4 6. Qe3 Nf6 7. Nc3 d5 8. d4 O-O 9. Bb5 Bd7 10. Bxc6 Bxc6 11. Ng5 Re8 12. Qd3 Bd6+ 13. Be3 a6 14. O-O Ne4 15. Ncxe4 dxe4 16. Qd2 Qf6 17. c3 Qh6 18. Bf4 Bxf4 19. Qxf4 b5 20. Rfe1 Bb7 21. Nf3 Qxf4 0-1

[Event "Live Chess"]
[Site "Chess.com"]
[Date "2021.02.06"]
[Round "2"]
[White "Eric-100"]
[Black "smashyplayz"]
[Result "1-0"]
[CurrentPosition "8/3K4/kQ6/3N4/8/8/8/8 b - -"]
[Timezone "UTC"]
[ECO "C58"]
[ECOUrl "https://www.chess.com/openings/Italian-Game-Knight-Attack-Polerio-Bishop-Check-Line-6...c6-7.dxc6-bxc6"]
[UTCDate "2021.02.06"]
[UTCTime "19:01:11"]
[WhiteElo "931"]
[BlackElo "1393"]
[TimeControl "1200+10"]
[Termination "Eric-100 won by checkmate"]
[StartTime "19:01:11"]
[EndDate "2021.02.06"]
[EndTime "19:25:38"]
[Link "https://www.chess.com/live/game/6472132157"]

1. e4 e5 2. Nf3 Nc6 3. Bc4 Nf6 4. Ng5 d5 5. exd5 Na5 6. Bb5+ c6 7. dxc6 bxc6 8. Ba4 Bd7 9. O-O h6 10. Nf3 Bd6 11. d4 e4 12. Ne5 Bxe5 13. dxe5 Ng4 14. h3 Nxe5 15. f4 Ng6 16. Nc3 Bf5 17. Qxd8+ Rxd8 18. Re1 Rd4 19. Be3 Rb4 20. Bc1 O-O 21. a3 Rd4 22. Be3 Rdd8 23. Bxa7 Rfe8 24. Rad1 Rxd1 25. Nxd1 Nxf4 26. b4 Nc4 27. Bxc6 Re7 28. Bc5 Re6 29. Bd7 Rf6 30. Bxf5 Rxf5 31. a4 Re5 32. a5 Nxa5 33. bxa5 Rxc5 34. Rxe4 Ng6 35. Ra4 Re5 36. Kh2 Re8 37. a6 Ra8 38. Nc3 Ne5 39. Nb5 Nc6 40. Nc7 Ra7 41. Nb5 Ra8 42. a7 Kh7 43. Kg3 Kg6 44. Kg4 h5+ 45. Kf4 Kf6 46. Ra6 Ke7 47. Rxc6 Kd7 48. Ra6 Kc8 49. Kf5 Kb7 50. Ra1 Kb6 51. Nc3 Rxa7 52. Rxa7 Kxa7 53. g4 hxg4 54. hxg4 Kb6 55. Nd5+ Kc6 56. Ke5 Kd7 57. g5 Ke8 58. c4 Kd7 59. c5 Kc6 60. Kd4 Kd7 61. Nf4 f6 62. gxf6 gxf6 63. Kd5 f5 64. c6+ Kc7 65. Kc5 Kc8 66. Kd6 Kd8 67. c7+ Kc8 68. Ne2 f4 69. Nxf4 Kb7 70. Kd7 Kb6 71. c8=Q Ka7 72. Qc7+ Ka6 73. Qb8 Ka5 74. Nd5 Ka6 75. Qb6# 1-0

[Event "Live Chess"]
[Site "Chess.com"]
[Date "2021.02.06"]
[Round "2"]
[White "KnightTemplar0"]
[Black "sean330"]
[Result "0-1"]
[CurrentPosition "r5k1/p2R1ppp/1p2pb2/8/8/1B3bP1/PP3P1P/6K1 w - -"]
[Timezone "UTC"]
[ECO "B22"]
[ECOUrl "https://www.chess.com/openings/Sicilian-Defense-Alapin-Variation-Barmen-Defense-4.d4-Nf6-5.Nf3-e6"]
[UTCDate "2021.02.06"]
[UTCTime "19:01:26"]
[WhiteElo "1228"]
[BlackElo "1403"]
[TimeControl "1200+10"]
[Termination "sean330 won by resignation"]
[StartTime "19:01:26"]
[EndDate "2021.02.06"]
[EndTime "19:09:21"]
[Link "https://www.chess.com/live/game/6472132658"]

1. e4 c5 2. c3 d5 3. exd5 Qxd5 4. d4 e6 5. Nf3 Nf6 6. Bg5 Be7 7. Nbd2 Nc6 8. Bc4 Qd8 9. O-O cxd4 10. cxd4 Nxd4 11. Nxd4 Qxd4 12. Qb3 O-O 13. Nf3 Qd7 14. Rfd1 Qc7 15. Rac1 Qb6 16. Bxf6 Qxb3 17. Bxb3 Bxf6 18. Rc2 Rd8 19. Rcd2 Rxd2 20. Rxd2 b6 21. g3 Bb7 22. Rd7 Bxf3 0-1

[Event "Live Chess"]
[Site "Chess.com"]
[Date "2021.02.06"]
[Round "2"]
[White "lionkingethan"]
[Black "LucasLiu88"]
[Result "0-1"]
[CurrentPosition "3r2k1/p4p1p/4p1p1/Q1N5/PP6/6PP/5q2/3r3K w - -"]
[Timezone "UTC"]
[ECO "B30"]
[ECOUrl "https://www.chess.com/openings/Sicilian-Defense-Open-3...cxd4"]
[UTCDate "2021.02.06"]
[UTCTime "19:01:24"]
[WhiteElo "1415"]
[BlackElo "1255"]
[TimeControl "1200+10"]
[Termination "LucasLiu88 won by checkmate"]
[StartTime "19:01:24"]
[EndDate "2021.02.06"]
[EndTime "19:18:48"]
[Link "https://www.chess.com/live/game/6472133212"]

1. e4 c5 2. Nf3 Nc6 3. d4 cxd4 4. Bc4 e6 5. Nxd4 Nf6 6. Nc3 Bc5 7. Nxc6 bxc6 8. O-O d5 9. e5 Nd7 10. Bb3 Nxe5 11. Bf4 Ng6 12. Bg3 Ba6 13. Re1 O-O 14. Na4 Bd6 15. Bxd6 Qxd6 16. c4 Rfd8 17. cxd5 cxd5 18. Rc1 Nf4 19. Qd2 Nd3 20. Rc3 Nxe1 21. Qxe1 Rac8 22. Rg3 Qc6 23. Rc3 Qb5 24. Rg3 Rd7 25. Nc3 Qb6 26. Qe5 g6 27. h3 d4 28. Na4 Qc6 29. Kh2 Bc4 30. Bxc4 Qxc4 31. b3 Qc2 32. Qb5 Rcd8 33. Nc5 Rd5 34. b4 d3 35. Rxd3 Qxd3 36. Qa5 Qf5 37. a4 Qf4+ 38. g3 Qxf2+ 39. Kh1 Rd1# 0-1

[Event "Live Chess"]
[Site "Chess.com"]
[Date "2021.02.06"]
[Round "2"]
[White "champ_shivam"]
[Black "10dral"]
[Result "1-0"]
[CurrentPosition "Q6k/1Q6/R7/6p1/4P1P1/8/5P1P/6K1 b - -"]
[Timezone "UTC"]
[ECO "C60"]
[ECOUrl "https://www.chess.com/openings/Ruy-Lopez-Opening"]
[UTCDate "2021.02.06"]
[UTCTime "19:01:50"]
[WhiteElo "1280"]
[BlackElo "1298"]
[TimeControl "1200+10"]
[Termination "champ_shivam won by checkmate"]
[StartTime "19:01:50"]
[EndDate "2021.02.06"]
[EndTime "19:25:15"]
[Link "https://www.chess.com/live/game/6472133945"]

1. e4 e5 2. Nf3 Nc6 3. Bb5 Bd6 4. Bxc6 bxc6 5. d4 exd4 6. Nxd4 Bc5 7. O-O d6 8. Re1 Ne7 9. Nc3 O-O 10. Bg5 h6 11. Bxe7 Qxe7 12. Nxc6 Qf6 13. Qe2 Bb7 14. Na5 Bc8 15. Nd5 Qd8 16. Rad1 Be6 17. Nc6 Qg5 18. Nxc7 Rac8 19. Nxe6 fxe6 20. Nd4 e5 21. Ne6 Qh4 22. Nxf8 Rxf8 23. Rf1 Qg5 24. c3 a5 25. b4 axb4 26. cxb4 Bxb4 27. Qc4+ Kh8 28. Qxb4 Qe7 29. Rxd6 Kh7 30. Rxh6+ Kxh6 31. Qxe7 Rg8 32. Qxe5 g6 33. a4 Ra8 34. Ra1 g5 35. a5 Kh5 36. a6 Kh4 37. g3+ Kh5 38. a7 Kh6 39. Qd5 Rc8 40. Qe6+ Kh5 41. Qxc8 Kh6 42. g4 Kg6 43. Ra6+ Kh7 44. Qb7+ Kh8 45. a8=Q# 1-0

[Event "Live Chess"]
[Site "Chess.com"]
[Date "2021.02.06"]
[Round "2"]
[White "Tyler_YABOI_Walsh"]
[Black "xiaowu2"]
[Result "0-1"]
[CurrentPosition "4K3/4q3/1p2k3/2p3p1/3p4/8/8/7b w - -"]
[Timezone "UTC"]
[ECO "C50"]
[ECOUrl "https://www.chess.com/openings/Giuoco-Piano-Game-Four-Knights-Game"]
[UTCDate "2021.02.06"]
[UTCTime "19:01:27"]
[WhiteElo "943"]
[BlackElo "1032"]
[TimeControl "1200+10"]
[Termination "xiaowu2 won by checkmate"]
[StartTime "19:01:27"]
[EndDate "2021.02.06"]
[EndTime "19:13:28"]
[Link "https://www.chess.com/live/game/6472134529"]

1. e4 e5 2. Nf3 Nc6 3. Nc3 Nf6 4. Bc4 Bc5 5. O-O O-O 6. Ng5 h6 7. Nxf7 Rxf7 8. Bxf7+ Kxf7 9. d3 d6 10. Nd5 Nxd5 11. exd5 Nd4 12. Qh5+ Kf8 13. Bg5 Qxg5 14. Qxg5 hxg5 15. Rfe1 Nxc2 16. Rac1 Nxe1 17. Rxe1 Bd7 18. a3 a5 19. h3 Bf5 20. Rd1 Bd4 21. g4 Bg6 22. Kf1 Bxb2 23. Ke2 Bxa3 24. Rb1 b6 25. f3 Bf7 26. Rb5 Rc8 27. Ke3 Be8 28. Rb3 Bc5+ 29. Ke4 c6 30. Kf5 cxd5 31. Ke6 d4 32. Kf5 Bf7 33. Rb2 g6+ 34. Kxg5 Kg7 35. Rb1 Rh8 36. Rc1 Rxh3 37. f4 exf4 38. Rxc5 dxc5 39. Kxf4 Rxd3 40. Kg5 Rg3 41. Kh4 Rxg4+ 42. Kxg4 a4 43. Kf3 a3 44. Ke2 a2 45. Kd3 a1=Q 46. Ke4 Bd5+ 47. Kf4 Qf1+ 48. Ke5 Qf5+ 49. Kd6 Qe6+ 50. Kc7 Qc6+ 51. Kd8 Bh1 52. Ke7 g5 53. Kd8 Qb7 54. Ke8 Kf6 55. Kd8 Ke6 56. Ke8 Qe7# 0-1

[Event "Live Chess"]
[Site "Chess.com"]
[Date "2021.02.06"]
[Round "2"]
[White "AaravGoel5"]
[Black "buddyram"]
[Result "1-0"]
[CurrentPosition "7R/1p4kQ/p1pp1p2/8/8/2P4P/PP4PK/8 b - -"]
[Timezone "UTC"]
[ECO "C68"]
[ECOUrl "https://www.chess.com/openings/Ruy-Lopez-Opening-Morphy-Defense-Exchange-Variation-4...dxc6"]
[UTCDate "2021.02.06"]
[UTCTime "19:01:34"]
[WhiteElo "1102"]
[BlackElo "1381"]
[TimeControl "1200+10"]
[Termination "AaravGoel5 won by checkmate"]
[StartTime "19:01:34"]
[EndDate "2021.02.06"]
[EndTime "19:28:34"]
[Link "https://www.chess.com/live/game/6472135100"]

1. e4 e5 2. Nf3 Nc6 3. Bb5 a6 4. Bxc6 dxc6 5. d3 Bd6 6. O-O Nf6 7. Bg5 O-O 8. Nbd2 h6 9. Bh4 Bg4 10. h3 Bh5 11. c3 Bg6 12. d4 Re8 13. dxe5 Bxe5 14. Nxe5 Rxe5 15. f4 Re8 16. e5 Bd3 17. Rf2 Qe7 18. exf6 gxf6 19. Nf3 Rad8 20. Ne5 Bf5 21. Qh5 Qe6 22. Qxh6 Rd6 23. Nf3 Bg6 24. Re1 Qd7 25. f5 Rxe1+ 26. Nxe1 Bxf5 27. Bxf6 Rxf6 28. Qxf6 Bg6 29. Re2 Kh7 30. Re7 Qd6 31. Qh4+ Kg7 32. Re8 Bh7 33. Nf3 Qd1+ 34. Kh2 Qd6+ 35. Ne5 f6 36. Qg3+ Kh6 37. Nf7+ Kh5 38. Nxd6 cxd6 39. Rh8 Kh6 40. Qh4+ Kg7 41. Qxh7# 1-0

[Event "Live Chess"]
[Site "Chess.com"]
[Date "2021.02.06"]
[Round "2"]
[White "Lefthanded32"]
[Black "AnshulPlaysChess"]
[Result "1-0"]
[CurrentPosition "3kr3/3R4/1N1pn3/1p2pB2/4P3/r2P4/2PK4/8 b - -"]
[Timezone "UTC"]
[ECO "C26"]
[ECOUrl "https://www.chess.com/openings/Vienna-Game-Falkbeer-Variation-3.d3"]
[UTCDate "2021.02.06"]
[UTCTime "19:01:41"]
[WhiteElo "1311"]
[BlackElo "868"]
[TimeControl "1200+10"]
[Termination "Lefthanded32 won by checkmate"]
[StartTime "19:01:41"]
[EndDate "2021.02.06"]
[EndTime "19:21:09"]
[Link "https://www.chess.com/live/game/6472135960"]

1. e4 e5 2. d3 Nf6 3. Nc3 Bc5 4. g3 O-O 5. Bg5 Nc6 6. Qg4 d6 7. Qf3 Bg4 8. Bxf6 Bxf3 9. Bxd8 Raxd8 10. Nxf3 Nb4 11. O-O-O h6 12. a3 Nc6 13. Nd5 Bxf2 14. b4 a6 15. Rd2 Ba7 16. Nxc7 Be3 17. Nd5 Bxd2+ 18. Kxd2 b5 19. Bh3 a5 20. bxa5 Nxa5 21. Ne7+ Kh8 22. Nh4 Rfe8 23. Nhf5 g6 24. Nd5 gxf5 25. Nf6 Rf8 26. Bxf5 Ra8 27. h4 Kg7 28. Nh5+ Kg8 29. g4 f6 30. g5 fxg5 31. hxg5 hxg5 32. Rg1 Kf7 33. Rxg5 Ke7 34. Rg6 Ra6 35. Re6+ Kd8 36. Nf6 Nb7 37. Nh7 Re8 38. Rg6 Rxa3 39. Rg7 Nc5 40. Nf6 Rf8 41. Nd5 Re8 42. Nb6 Ne6 43. Rd7# 1-0

[Event "Live Chess"]
[Site "Chess.com"]
[Date "2021.02.06"]
[Round "2"]
[White "Not_Draj"]
[Black "JazzFork"]
[Result "0-1"]
[CurrentPosition "8/8/5r2/7p/4K3/8/6k1/8 w - -"]
[Timezone "UTC"]
[ECO "B10"]
[ECOUrl "https://www.chess.com/openings/Caro-Kann-Defense-2.Nf3-d5"]
[UTCDate "2021.02.06"]
[UTCTime "19:01:37"]
[WhiteElo "1109"]
[BlackElo "1637"]
[TimeControl "1200+10"]
[Termination "JazzFork won by resignation"]
[StartTime "19:01:37"]
[EndDate "2021.02.06"]
[EndTime "19:20:05"]
[Link "https://www.chess.com/live/game/6472136563"]

1. e4 c6 2. Nf3 d5 3. exd5 cxd5 4. Nc3 Nc6 5. d4 Nf6 6. Bb5 e6 7. Ne5 Bd7 8. Bxc6 Bxc6 9. Bf4 Bb4 10. Nxc6 bxc6 11. a3 Bxc3+ 12. bxc3 O-O 13. O-O h6 14. Be5 Nd7 15. Bf4 Nb6 16. Qg4 Qf6 17. Be5 Qg6 18. Qxg6 fxg6 19. Bd6 Rfd8 20. Bc7 Rdc8 21. Bxb6 axb6 22. Rfb1 b5 23. Re1 Kf7 24. h3 Ra4 25. Reb1 Rca8 26. Rb3 Kf6 27. g4 Kg5 28. Re1 Rxa3 29. Rxa3 Rxa3 30. Rxe6 Rxc3 31. f4+ Kxf4 32. Rxg6 Rxh3 33. Rxc6 Rg3+ 34. Kf2 Rxg4 35. Rb6 Ke4 36. Rxb5 Rf4+ 37. Ke2 Kxd4 38. Rb4+ Ke5 39. Rb6 Rf6 40. Rb3 d4 41. Rg3 g5 42. Kd3 Rf5 43. Rh3 Rf6 44. c3 dxc3 45. Kxc3 g4 46. Re3+ Kf4 47. Re1 Kg3 48. Rg1+ Kh3 49. Re1 g3 50. Rh1+ Kg2 51. Rh4 Kf2 52. Kd3 g2 53. Rh2 Kg1 54. Rxg2+ Kxg2 55. Ke4 h5 0-1

[Event "Live Chess"]
[Site "Chess.com"]
[Date "2021.02.06"]
[Round "2"]
[White "Falcondragoon"]
[Black "BetaJiChill"]
[Result "0-1"]
[CurrentPosition "6k1/1p4pp/1p2p3/5p2/7P/4BK2/r6b/6R1 w - -"]
[Timezone "UTC"]
[ECO "B21"]
[ECOUrl "https://www.chess.com/openings/Sicilian-Defense-Smith-Morra-Accepted-Pin-Defense"]
[UTCDate "2021.02.06"]
[UTCTime "19:01:49"]
[WhiteElo "1360"]
[BlackElo "1266"]
[TimeControl "1200+10"]
[Termination "BetaJiChill won by resignation"]
[StartTime "19:01:49"]
[EndDate "2021.02.06"]
[EndTime "19:23:21"]
[Link "https://www.chess.com/live/game/6472137196"]

1. e4 c5 2. d4 cxd4 3. c3 dxc3 4. Nxc3 Nc6 5. Nf3 e6 6. Bc4 Bb4 7. Bd2 Nf6 8. e5 Ng4 9. Qe2 d6 10. exd6 Bxd6 11. h3 Nge5 12. Nxe5 Bxe5 13. O-O-O Qc7 14. Rhe1 O-O 15. Bb5 Bf6 16. g3 Nd4 17. Qd3 Nxb5 18. Qxb5 Bd7 19. Qe2 Ba4 20. b3 Bxc3 21. bxa4 Bd4+ 22. Kb1 Qb6+ 23. Qb5 Bxf2 24. Qxb6 axb6 25. Re4 Bxg3 26. Rg4 Bc7 27. Bh6 Be5 28. Rdg1 f5 29. Rg5 Rf7 30. R5g2 Rxa4 31. Be3 Rb4+ 32. Kc1 Rc7+ 33. Kd1 Rb1+ 34. Ke2 Rc2+ 35. Kf3 Rxg1 36. Rxg1 Rxa2 37. h4 Ra3 38. Kf2 Ra2+ 39. Kf3 Bh2 0-1

[Event "Live Chess"]
[Site "Chess.com"]
[Date "2021.02.06"]
[Round "2"]
[White "abhijoym2"]
[Black "kingcon3"]
[Result "1-0"]
[CurrentPosition "k1R5/1p5p/p5p1/1N6/5B2/5NKP/P5P1/8 b - -"]
[Timezone "UTC"]
[ECO "C44"]
[ECOUrl "https://www.chess.com/openings/Scotch-Game"]
[UTCDate "2021.02.06"]
[UTCTime "19:01:54"]
[WhiteElo "1749"]
[BlackElo "1063"]
[TimeControl "1200+10"]
[Termination "abhijoym2 won by checkmate"]
[StartTime "19:01:54"]
[EndDate "2021.02.06"]
[EndTime "19:08:49"]
[Link "https://www.chess.com/live/game/6472137751"]

1. e4 e5 2. Nf3 Nc6 3. d4 f6 4. Bc4 exd4 5. c3 dxc3 6. Nxc3 Bc5 7. Bxg8 Rxg8 8. Qd5 Bxf2+ 9. Kxf2 Rh8 10. Re1 Ne7 11. Qh5+ g6 12. Qh4 d6 13. Qxf6 Bg4 14. Qxh8+ Kd7 15. Qxd8+ Rxd8 16. e5 Kc8 17. exd6 Rxd6 18. Rxe7 Kb8 19. Nb5 Rc6 20. h3 Rc2+ 21. Kg3 Bc8 22. Bf4 Rxb2 23. Nxc7 Rc2 24. Nb5+ Ka8 25. Rc1 Rxc1 26. Bxc1 a6 27. Re8 Kb8 28. Bf4+ Ka8 29. Rxc8# 1-0

[Event "Live Chess"]
[Site "Chess.com"]
[Date "2021.02.06"]
[Round "2"]
[White "siverlem"]
[Black "VAP_1D"]
[Result "0-1"]
[CurrentPosition "6k1/2p3pp/5p2/3q1K2/3r4/r7/5PPP/8 w - -"]
[Timezone "UTC"]
[ECO "C55"]
[ECOUrl "https://www.chess.com/openings/Italian-Game-Two-Knights-Defense"]
[UTCDate "2021.02.06"]
[UTCTime "19:02:28"]
[WhiteElo "888"]
[BlackElo "1397"]
[TimeControl "1200+10"]
[Termination "VAP_1D won by checkmate"]
[StartTime "19:02:28"]
[EndDate "2021.02.06"]
[EndTime "19:12:59"]
[Link "https://www.chess.com/live/game/6472144338"]

1. e4 e5 2. Nf3 Nf6 3. Bc4 Nc6 4. Nc3 Nxe4 5. Nxe4 d5 6. Bb5 dxe4 7. Bxc6+ bxc6 8. Nxe5 Qd6 9. Nc4 Qc5 10. d3 exd3 11. cxd3 Be6 12. b3 Bxc4 13. dxc4 Be7 14. Qf3 O-O 15. Qf4 Bd6 16. Qf3 Rfe8+ 17. Be3 Qb4+ 18. Kf1 Qc3 19. Re1 Bb4 20. Qe2 Qxe1+ 21. Qxe1 Bxe1 22. Kxe1 a5 23. Ke2 a4 24. b4 Rab8 25. a3 c5 26. Kd2 cxb4 27. axb4 Rxb4 28. c5 Rd8+ 29. Kc3 Rb3+ 30. Kc2 Rb4 31. Kc3 Rbb8 32. Ra1 Ra8 33. Kb4 Rdb8+ 34. Kc3 a3 35. Kc4 a2 36. Bd4 Rb1 37. Kc3 Rxa1 38. Kb3 Rb1+ 39. Kc3 a1=Q+ 40. Kd3 Ra3+ 41. Kc4 Rc1+ 42. Kd5 Qb1 43. c6 Qb5+ 44. Ke4 Qxc6+ 45. Kf4 Rc4 46. Ke5 f6+ 47. Kf4 Rxd4+ 48. Kf5 Qd5# 0-1

[Event "Live Chess"]
[Site "Chess.com"]
[Date "2021.02.06"]
[Round "2"]
[White "Yashas06"]
[Black "SelfishClothes"]
[Result "0-1"]
[CurrentPosition "6k1/5p2/6pp/1p6/1PP5/P5P1/B3r1q1/6K1 w - -"]
[Timezone "UTC"]
[ECO "C50"]
[ECOUrl "https://www.chess.com/openings/Giuoco-Piano-Game-Giuoco-Pianissimo-Variation-4...Nf6"]
[UTCDate "2021.02.06"]
[UTCTime "19:02:10"]
[WhiteElo "1112"]
[BlackElo "1134"]
[TimeControl "1200+10"]
[Termination "SelfishClothes won by checkmate"]
[StartTime "19:02:10"]
[EndDate "2021.02.06"]
[EndTime "19:28:53"]
[Link "https://www.chess.com/live/game/6472141076"]

1. e4 e5 2. Nf3 Nc6 3. Bc4 Nf6 4. d3 Bc5 5. Bg5 O-O 6. Nc3 h6 7. Bxf6 Qxf6 8. Nd5 Qd8 9. O-O d6 10. a3 Bg4 11. h3 Bxf3 12. Qxf3 Nd4 13. Qd1 c6 14. Ne3 b5 15. Ba2 Ne6 16. b4 Bxe3 17. fxe3 d5 18. exd5 cxd5 19. Qf3 e4 20. dxe4 dxe4 21. Qxe4 Ng5 22. Qf5 Re8 23. Rad1 Qb6 24. Rde1 Rxe3 25. Rxe3 Qxe3+ 26. Kh1 Rf8 27. h4 g6 28. Qd7 Ne6 29. Rf6 Qe1+ 30. Kh2 Qxh4+ 31. Kg1 Qxf6 32. Qxa7 Nf4 33. Qf2 Qa1+ 34. Kh2 Qe5 35. g3 Qh5+ 36. Kg1 Nh3+ 37. Kg2 Nxf2 38. Kxf2 Re8 39. c4 Re2+ 40. Kf1 Qf3+ 41. Kg1 Qg2# 0-1

[Event "Live Chess"]
[Site "Chess.com"]
[Date "2021.02.06"]
[Round "2"]
[White "MrinalA"]
[Black "Evan8435"]
[Result "0-1"]
[CurrentPosition "4r1k1/ppp2pp1/7p/8/3P3P/2P1r1q1/P1P2K2/4RQ2 w - -"]
[Timezone "UTC"]
[ECO "C25"]
[ECOUrl "https://www.chess.com/openings/Vienna-Game-Max-Lange-Defense-3.Bc4-Bc5"]
[UTCDate "2021.02.06"]
[UTCTime "19:02:20"]
[WhiteElo "954"]
[BlackElo "1198"]
[TimeControl "1200+10"]
[Termination "Evan8435 won by checkmate"]
[StartTime "19:02:20"]
[EndDate "2021.02.06"]
[EndTime "19:11:34"]
[Link "https://www.chess.com/live/game/6472141704"]

1. e4 e5 2. Nc3 Nc6 3. Bc4 Bc5 4. d3 Nf6 5. f4 exf4 6. Bxf4 d6 7. h3 h6 8. Bg3 O-O 9. Nf3 Re8 10. d4 Bb4 11. e5 Bxc3+ 12. bxc3 Bf5 13. O-O Ne4 14. Be1 dxe5 15. Nxe5 Nxe5 16. Rxf5 Nxc4 17. Rf3 Ng5 18. Rf1 Ne3 19. Qe2 Nxf1 20. Qxf1 Qd6 21. g3 Re3 22. h4 Nf3+ 23. Kf2 Rae8 24. Rd1 Nxe1 25. Rxe1 Qxg3# 0-1